[Event "TIPC 2006"]
[Site "Charleroi BEL"]
[Date "2006.07.29"]
[Round "1"]
[White "Leitao, Rafael"]
[Black "Pacolet, Fabrice"]
[Result "1-0"]
[ECO "D45"]
[WhiteElo "2598"]
[BlackElo "1853"]
[PlyCount "73"]
[TimeControl "40/7200:3600"]

1. d4 d5 2. c4 c6 3. Nc3 Nf6 4. e3 e6 5. Nf3 Nbd7 6. Qc2 Bd6 7.
b3 O-O 8. Be2 b6 9. O-O Bb7 10. Bb2 Rc8 11. Rad1 Qe7 12. Rfe1 c5 13. cxd5 exd5
14. Qb1 Rfe8 15. Qa1 Qe6 16. Bf1 Qf5 17. Bd3 Qh5 18. Be2 Qh6 19. g3 Re6 20. Bf1
Rce8 21. Bg2 Ng4 22. Bc1 Qh5 23. h3 Nh6 24. Nh4 cxd4 25. Rxd4 Be5 26. Rdd1 Qg5
27. Nf3 Qf6 28. Bb2 Nf5 29. Nxe5 Nxe5 30. Nxd5 Bxd5 31. Rxd5 Qe7 32. f4 Nxg3
33. Rxe5 Rxe5 34. Bxe5 Rc8 35. Bxg7 Rc2 36. Bf6 Qb4 37. Rd1 1-0

[Event "TIPC 2006"]
[Site "Charleroi BEL"]
[Date "2006.07.29"]
[Round "1"]
[White "Coibion, Charles"]
[Black "Gharamian, Tigran"]
[Result "0-1"]
[ECO "B90"]
[WhiteElo "1847"]
[BlackElo "2460"]
[PlyCount "118"]
[TimeControl "40/7200:3600"]

1. e4 c5 2. Nf3 d6 3. d4 cxd4 4. Nxd4 Nf6 5. Nc3 a6 6. Be3 e5 7.
Nb3 Be6 8. f3 Be7 9. Qd2 O-O 10. O-O-O Nbd7 11. g4 b5 12. g5 b4 13. Ne2 Ne8 14.
f4 Nb6 15. Na5 Nc4 16. Nxc4 Bxc4 17. Kb1 Qa5 18. Nc1 exf4 19. Bxf4 Bxf1 20.
Rhxf1 Nc7 21. Bxd6 Rad8 22. e5 Qb5 23. Qe2 Bxd6 24. exd6 Qxe2 25. Nxe2 Nb5 26.
d7 f6 27. gxf6 Rf7 28. fxg7 Rdxd7 29. Rxd7 Rxf1+ 30. Nc1 Rh1 31. Rd2 Kxg7 32.
Rg2+ Kf6 33. b3 h5 34. Kb2 a5 35. Rf2+ Kg5 36. Rg2+ Kf4 37. Nd3+ Kf5 38. Rf2+
Kg5 39. Rg2+ Kf5 40. Rf2+ Kg5 41. Rg2+ Kh6 42. a3 Nxa3 43. c3 Rb1+ 44. Ka2 Rd1
45. Nb2 bxc3 46. Nxd1 c2 47. Rxc2 Nxc2 48. Kb2 Nd4 49. Kc3 Nf3 50. Kc4 Nxh2 51.
Kb5 Ng4 52. Kxa5 h4 53. Nc3 h3 54. Ne4 h2 55. Ng3 Kg5 56. b4 Kf4 57. Nh1 Kf3
58. b5 Ne5 59. b6 Nc4+ 0-1

[Event "TIPC 2006"]
[Site "Charleroi BEL"]
[Date "2006.07.29"]
[Round "1"]
[White "Plachetka, Jan"]
[Black "Guyon, Cindy"]
[Result "1-0"]
[ECO "C15"]
[WhiteElo "2427"]
[BlackElo "1835"]
[PlyCount "45"]
[TimeControl "40/7200:3600"]

1. e4 e6 2. d4 d5 3. Nc3 Bb4 4. Bd3 c5 5. exd5 exd5 6. Nf3 Nf6 7.
O-O O-O 8. Bg5 Bxc3 9. bxc3 c4 10. Be2 Nc6 11. Ne5 h6 12. Bh4 Re8 13. f4 Qd6
14. Bf3 Nd7 15. Bh5 g6 16. Bf3 Nb6 17. Qd2 Be6 18. Rae1 Rac8 19. g4 Kg7 20. Re2
f6 21. Nxg6 Kxg6 22. f5+ Kg7 23. Bxf6+ 1-0

[Event "TIPC 2006"]
[Site "Charleroi BEL"]
[Date "2006.07.29"]
[Round "1"]
[White "Denivet, Axel"]
[Black "Eliet, Nicolas"]
[Result "0-1"]
[ECO "B28"]
[WhiteElo "1832"]
[BlackElo "2427"]
[PlyCount "52"]
[TimeControl "40/7200:3600"]

1. e4 c5 2. Nf3 a6 3. d4 cxd4 4. Nxd4 Nf6 5. Nc3 e5 6. Nb3 Bb4 7.
f3 d5 8. exd5 Nxd5 9. Bd2 Nxc3 10. bxc3 Bd6 11. Bd3 Qh4+ 12. Kf1 O-O 13. Qe1
Qe7 14. Rd1 Be6 15. Qe2 Nc6 16. g3 Rac8 17. Kg2 f5 18. Rhe1 Rce8 19. Bc4 Kh8
20. Bxe6 Qxe6 21. Nd4 Nxd4 22. cxd4 Qxa2 23. Bc3 e4 24. f4 Rc8 25. Ra1 Qc4 26.
Qxc4 Rxc4 0-1

[Event "TIPC 2006"]
[Site "Charleroi BEL"]
[Date "2006.07.29"]
[Round "1"]
[White "Hanley, Craig"]
[Black "Detienne, Stéphane"]
[Result "1-0"]
[ECO "B09"]
[WhiteElo "2419"]
[BlackElo "1829"]
[PlyCount "79"]
[TimeControl "40/7200:3600"]

1. e4 d6 2. d4 Nf6 3. Nc3 g6 4. f4 Bg7 5. Nf3 c5 6. dxc5 Qa5 7.
Qd4 Nc6 8. Bb5 Bd7 9. Qa4 Qc7 10. Nd5 Qa5+ 11. Qxa5 Nxa5 12. Nxf6+ Bxf6 13.
Bxd7+ Kxd7 14. e5 Bg7 15. cxd6 exd6 16. Be3 dxe5 17. O-O-O+ Kc7 18. fxe5 Nc4
19. Bf4 g5 20. Nxg5 Bxe5 21. Rd4 Bxf4+ 22. Rxf4 Nd6 23. Nxf7 Raf8 24. Rhf1 Rhg8
25. Nxd6 Rxf4 26. Nb5+ Kb6 27. Rxf4 Rxg2 28. a4 Rxh2 29. b4 Rh6 30. Kb2 a5 31.
c3 axb4 32. cxb4 Kc6 33. Kb3 Rg6 34. Rf7 h6 35. Rc7+ Kb6 36. Rc5 Ka6 37. Nc3 b6
38. Rc7 b5 39. a5 Rd6 40. Ne4 1-0

[Event "TIPC 2006"]
[Site "Charleroi BEL"]
[Date "2006.07.29"]
[Round "1"]
[White "Marte, Sébastien"]
[Black "Perez Garcia, Rodney"]
[Result "0-1"]
[ECO "A41"]
[WhiteElo "1810"]
[BlackElo "2406"]
[PlyCount "50"]
[TimeControl "40/7200:3600"]

1. d4 d6 2. c4 e5 3. d5 Be7 4. Nc3 Nd7 5. e4 Bg5 6. Bxg5 Qxg5 7.
Nf3 Qd8 8. a3 Ne7 9. b4 O-O 10. Bd3 Ng6 11. O-O Nf4 12. Rc1 Nf6 13. h3 N6h5 14.
Ne2 Qf6 15. Nxf4 Nxf4 16. Ne1 a5 17. Kh2 axb4 18. axb4 Qh6 19. Rh1 Ra3 20. Rc2
Bxh3 21. Kg1 Qg6 22. g3 Nxd3 23. Nxd3 Qxe4 24. Ne1 Bg4 25. Qc1 Rfa8 0-1

[Event "TIPC 2006"]
[Site "Charleroi BEL"]
[Date "2006.07.29"]
[Round "1"]
[White "Laurent, Bruno"]
[Black "Bunkens, Rudi"]
[Result "1-0"]
[ECO "B52"]
[WhiteElo "2404"]
[BlackElo "1794"]
[PlyCount "61"]
[TimeControl "40/7200:3600"]

1. e4 c5 2. Nf3 d6 3. Bb5+ Bd7 4. Bxd7+ Qxd7 5. O-O Nf6 6. Re1 g6
7. c3 Bg7 8. d4 cxd4 9. cxd4 Nc6 10. Nc3 O-O 11. Bf4 Rfe8 12. e5 Nh5 13. Bg5 h6
14. Be3 dxe5 15. dxe5 Qxd1 16. Raxd1 Nxe5 17. Nxe5 Bxe5 18. Rd7 b6 19. Bxh6 Nf6
20. Rb7 Ng4 21. Bg5 Bxh2+ 22. Kf1 f6 23. Re4 Nxf2 24. Kxf2 fxg5 25. g3 Rad8 26.
Re2 Kf7 27. Kg2 Rh8 28. Rexe7+ Kf6 29. g4 Rd2+ 30. Kf1 Rd4 31. Rf7+ 1-0

[Event "TIPC 2006"]
[Site "Charleroi BEL"]
[Date "2006.07.29"]
[Round "1"]
[White "Werner, Guy"]
[Black "Vandevoort, Pascal"]
[Result "0-1"]
[ECO "A03"]
[WhiteElo "1793"]
[BlackElo "2388"]
[PlyCount "102"]
[TimeControl "40/7200:3600"]

1. f4 d5 2. Nf3 Nf6 3. g3 g6 4. Bg2 Bg7 5. O-O O-O 6. d3 c5 7.
Nc3 Nc6 8. Kh1 b6 9. Bd2 Bb7 10. e4 e6 11. e5 Ne8 12. Qe2 Nc7 13. Rae1 Qd7 14.
Bh3 b5 15. Nd1 b4 16. c3 bxc3 17. bxc3 d4 18. c4 Nb4 19. Bxb4 cxb4 20. Nf2 Na6
21. Bg2 Nc5 22. Qb2 a5 23. Ng5 f5 24. exf6 Bxf6 25. Bxb7 Qxb7+ 26. Nge4 Na4 27.
Qc2 Nc3 28. Kg1 a4 29. Nd6 Qd7 30. Nfe4 Be7 31. Nxc3 dxc3 32. Nb5 Bc5+ 33. Kh1
Rad8 34. Rf3 Qc6 35. Kg2 g5 36. Re4 gxf4 37. gxf4 Qxe4 38. dxe4 Rd2+ 39. Qxd2
cxd2 40. Rg3+ Kh8 41. Rd3 Rxf4 42. Rxd2 Rxe4 43. Nc7 Kg7 44. Kf3 Re3+ 45. Kg4
Kg6 46. Rg2 Kf6 47. Rf2+ Ke7 48. Na6 Re4+ 49. Rf4 Rxf4+ 50. Kxf4 b3 51. axb3
axb3 0-1

[Event "TIPC 2006"]
[Site "Charleroi BEL"]
[Date "2006.07.29"]
[Round "1"]
[White "Hovhanisian, Mher"]
[Black "Reyskens, Jules"]
[Result "1-0"]
[ECO "C48"]
[WhiteElo "2359"]
[BlackElo "1792"]
[PlyCount "79"]
[TimeControl "40/7200:3600"]

1. e4 e5 2. Nf3 Nf6 3. Nc3 Nc6 4. Bb5 Nd4 5. Ba4 Bc5 6. Nxe5 O-O
7. Nd3 Bb6 8. e5 Ne8 9. Nd5 c6 10. Ne3 d6 11. O-O dxe5 12. Nxe5 Qh4 13. c3 Nf5
14. d4 Ned6 15. Qg4 Qxg4 16. N5xg4 Nxe3 17. Nxe3 Be6 18. Bc2 Rad8 19. Re1 Rfe8
20. Nf1 Bd5 21. Bf4 Rxe1 22. Rxe1 Re8 23. Rxe8+ Nxe8 24. b3 Be6 25. Ne3 Bc7 26.
Bxc7 Nxc7 27. c4 g6 28. f4 f5 29. Kf2 Kf8 30. h3 Ke7 31. g4 Kf6 32. gxf5 gxf5
33. Nf1 Na6 34. a3 Nc7 35. Nd2 b5 36. Bd3 bxc4 37. bxc4 Ne8 38. Nf3 c5 39. dxc5
Nc7 40. Ke3 1-0

[Event "TIPC 2006"]
[Site "Charleroi BEL"]
[Date "2006.07.29"]
[Round "1"]
[White "Moga, Christoph"]
[Black "Terrieux, Kevin"]
[Result "0-1"]
[ECO "B33"]
[WhiteElo "1784"]
[BlackElo "2343"]
[PlyCount "60"]
[TimeControl "40/7200:3600"]

1. e4 c5 2. Nf3 Nc6 3. d4 cxd4 4. Nxd4 Nf6 5. Nc3 e5 6. Ndb5 d6
7. Bg5 a6 8. Na3 b5 9. Bxf6 gxf6 10. Nd5 f5 11. exf5 Bxf5 12. c3 Bg7 13. Nc2
O-O 14. Nce3 Be6 15. g3 f5 16. Bg2 f4 17. gxf4 exf4 18. Nxf4 Rxf4 19. Bxc6 Qh4
20. Qd2 Raf8 21. O-O-O Rxf2 22. Qxd6 Qh6 23. Rde1 Rc2+ 24. Kxc2 Bb3+ 25. axb3
Qxd6 26. Be4 Rf2+ 27. Kb1 b4 28. Rhg1 bxc3 29. Bc2 cxb2 30. Nf5 Qa3 0-1

[Event "TIPC 2006"]
[Site "Charleroi BEL"]
[Date "2006.07.29"]
[Round "1"]
[White "Kadimova, Ilaha"]
[Black "Burnay, Gérard"]
[Result "1-0"]
[ECO "E12"]
[WhiteElo "2330"]
[BlackElo "1780"]
[PlyCount "51"]
[TimeControl "40/7200:3600"]

1. d4 Nf6 2. c4 e6 3. Nf3 b6 4. Nc3 Bb7 5. a3 Be7 6. d5 d6 7. e4
O-O 8. Be2 c5 9. O-O exd5 10. exd5 Nbd7 11. Bd3 Re8 12. h3 h6 13. Bf4 a6 14.
Re1 Bf8 15. Bc2 Rxe1+ 16. Qxe1 Qc7 17. Qd2 Re8 18. a4 Ne5 19. Nxe5 dxe5 20. Bg3
g6 21. Re1 Kg7 22. f4 Bd6 23. fxe5 Bxe5 24. Rxe5 Rxe5 25. d6 Re2 26. Qxe2 1-0

[Event "TIPC 2006"]
[Site "Charleroi BEL"]
[Date "2006.07.29"]
[Round "1"]
[White "Brunet, David"]
[Black "Foisor, Sabina-Francesca"]
[Result "0-1"]
[ECO "B23"]
[WhiteElo "1776"]
[BlackElo "2292"]
[PlyCount "128"]
[TimeControl "40/7200:3600"]

1. e4 c5 2. Nc3 e6 3. f4 d5 4. exd5 exd5 5. Nf3 Nf6 6. Bb5+ Bd7
7. Bxd7+ Nbxd7 8. O-O Be7 9. Re1 O-O 10. d3 Re8 11. Bd2 Rb8 12. a4 b6 13. Re2
d4 14. Ne4 Nd5 15. Qf1 Qc7 16. g3 h6 17. Rae1 Qc6 18. b3 Bf8 19. Qh3 Ne7 20. g4
Qd5 21. f5 b5 22. Bf4 Rb6 23. axb5 Rc8 24. Nh4 f6 25. Nd2 Qf7 26. Nc4 Nd5 27.
Bd2 Rxb5 28. Ng6 Rbb8 29. g5 fxg5 30. Bxg5 Re8 31. Bd2 Rxe2 32. Rxe2 Re8 33.
Rg2 Kh7 34. Qg4 N7f6 35. Qf3 Qc7 36. Re2 Rxe2 37. Qxe2 Bd6 38. Nxd6 Qxd6 39.
Qe5 Qxe5 40. Nxe5 Ne7 41. Kf2 Nxf5 42. Nc6 Ng4+ 43. Kg1 Nge3 44. c3 dxc3 45.
Bxc3 Nd5 46. Be5 a6 47. d4 cxd4 48. Nxd4 Nxd4 49. Bxd4 g5 50. Kf2 Kg6 51. Kf3
Kf5 52. Bg7 h5 53. Bf8 Nf6 54. Be7 Ng4 55. Bd6 Nf6 56. Be7 Nd5 57. Bd8 Nb4 58.
Be7 Nc6 59. Bd6 Nd4+ 60. Ke3 Nxb3 61. Kd3 Na5 62. Kd4 Nc6+ 63. Kd5 Nd8 64. Kc5
Nb7+ 0-1

[Event "TIPC 2006"]
[Site "Charleroi BEL"]
[Date "2006.07.29"]
[Round "1"]
[White "Maes, Wim"]
[Black "Maraite, Grégory"]
[Result "1-0"]
[ECO "A04"]
[WhiteElo "2287"]
[BlackElo "1775"]
[PlyCount "53"]
[TimeControl "40/7200:3600"]

1. e4 c5 2. d3 Nc6 3. g3 g6 4. Bg2 Bg7 5. Nf3 d6 6. O-O e6 7. c3
Nge7 8. Na3 O-O 9. Re1 a6 10. d4 cxd4 11. cxd4 d5 12. e5 Qb6 13. Nc2 f6 14. b3
fxe5 15. dxe5 Nf5 16. Bf4 h6 17. h4 Bd7 18. Qd2 Rf7 19. g4 Nxh4 20. Nxh4 Rxf4
21. Qxf4 g5 22. Qe3 d4 23. Nxd4 Qxd4 24. Qxd4 Nxd4 25. Rad1 Ne2+ 26. Rxe2 Bb5
27. Red2 1-0

[Event "TIPC 2006"]
[Site "Charleroi BEL"]
[Date "2006.07.29"]
[Round "1"]
[White "Chung Choong Lon, Marc"]
[Black "Both, Erik"]
[Result "0-1"]
[ECO "A00"]
[WhiteElo "1775"]
[BlackElo "2286"]
[PlyCount "64"]
[TimeControl "40/7200:3600"]

1. d3 g6 2. Nf3 Bg7 3. c3 c5 4. Na3 d5 5. Bf4 Nc6 6. Qa4 Bd7 7. Qb3 e5 8. Bd2
Nge7 9. e4 Na5 10. Qd1 O-O 11. Nc2 b6 12. exd5 Nxd5 13. c4 Nf4 14. Ne3 Nb7 15.
g3 Ne6 16. Qe2 Nd4 17. Qd1 Bc6 18. Bg2 e4 19. Nh4 exd3 20. Bxc6 Nxc6 21. Qf3
Qd7 22. O-O-O Nd4 23. Qe4 b5 24. Qxd3 b4 25. Nd5 Nd6 26. Kb1 Rfd8 27. Bh6 Nxc4
28. Qxc4 Qxd5 29. Qc1 Bxh6 30. Rxd4 cxd4 31. Qd1 Rac8 32. f4 d3 0-1

[Event "TIPC 2006"]
[Site "Charleroi BEL"]
[Date "2006.07.29"]
[Round "1"]
[White "Denayer, Eric"]
[Black "Bovy, Mathieu"]
[Result "1-0"]
[ECO "A06"]
[WhiteElo "2279"]
[BlackElo "1770"]
[PlyCount "55"]
[TimeControl "40/7200:3600"]

1. Nf3 d5 2. b3 Nf6 3. Bb2 c5 4. e3 Nc6 5. d4 Bf5 6.
Bd3 Bg4 7. Nbd2 cxd4 8. exd4 e6 9. O-O Bd6 10. Qe1 O-O 11. a3 Rc8 12. Ne5 Bh5
13. Kh1 Qe7 14. f4 Rfe8 15. Ndf3 Nd7 16. Nxd7 Qxd7 17. Qh4 Bg6 18. Bxg6 hxg6
19. Ng5 f6 20. Qh7+ Kf8 21. Qh8+ Ke7 22. Qxg7+ Kd8 23. Qxf6+ Kc7 24. Qxg6 Re7
25. Rae1 Rce8 26. c4 Kb8 27. c5 Bc7 28. Re3 1-0

[Event "TIPC 2006"]
[Site "Charleroi BEL"]
[Date "2006.07.29"]
[Round "1"]
[White "Collet, Davy"]
[Black "Wantiez, Fabrice"]
[Result "0-1"]
[ECO "A45"]
[WhiteElo "1760"]
[BlackElo "2265"]
[PlyCount "110"]
[TimeControl "40/7200:3600"]

1. d4 Nf6 2. Bg5 e6 3. e4 h6 4. Bxf6 Qxf6 5. c3 e5
6. Nf3 Nc6 7. Bb5 Bd6 8. O-O g5 9. Bxc6 dxc6 10. dxe5 Bxe5 11. Nxe5 Qxe5 12.
Qd4 Qxd4 13. cxd4 Be6 14. Nc3 O-O-O 15. Rfd1 f5 16. d5 cxd5 17. exd5 Bf7 18.
Rac1 Kb8 19. b3 Rd7 20. Rd2 Rhd8 21. Rcd1 a6 22. b4 c6 23. d6 Bd5 24. b5 axb5
25. Nxb5 f4 26. f3 Bxa2 27. Rxa2 cxb5 28. Rb1 Rxd6 29. Rxb5 Rd1+ 30. Kf2 R8d2+
31. Rxd2 Rxd2+ 32. Kf1 Kc7 33. h4 Kc6 34. Rf5 Rd5 35. Rf6+ Rd6 36. Rf5 b5 37.
hxg5 hxg5 38. Rxg5 b4 39. Ke2 b3 40. Rh5 Kb6 41. Rh8 Kc5 42. Rc8+ Kb4 43. Rb8+
Kc3 44. Rc8+ Kb2 45. Rc7 Rd4 46. Rc8 Ka3 47. Ra8+ Ra4 48. Rd8 b2 49. Rd1 Ka2
50. Kf2 Rc4 51. Rd2 Kb3 52. Rxb2+ Kxb2 53. g4 Rc2+ 54. Kg1 Kc3 55. g5 Kd3 0-1

[Event "TIPC 2006"]
[Site "Charleroi BEL"]
[Date "2006.07.29"]
[Round "1"]
[White "Vanderwaeren, Serge"]
[Black "Majewski, Philippe"]
[Result "1/2-1/2"]
[ECO "E60"]
[WhiteElo "2256"]
[BlackElo "1754"]
[PlyCount "136"]
[TimeControl "40/7200:3600"]

1. Nf3 Nf6 2. c4 d6 3. d4 g6 4. b3 Bg7 5. Bb2 c5 6. g3 Bf5
7. Bg2 Nc6 8. d5 Nb4 9. Na3 O-O 10. O-O a5 11. Nh4 Bd7 12. Nb5 Bxb5 13. cxb5 e6
14. dxe6 fxe6 15. a3 Nbd5 16. e4 Nb6 17. Qc2 Qc7 18. Nf3 d5 19. Ng5 Rae8 20.
Bh3 Nxe4 21. Nxe6 Rxe6 22. Bxe6+ Kh8 23. Bxg7+ Qxg7 24. Rac1 Qe5 25. Bh3 c4 26.
bxc4 Nxc4 27. Rce1 Ncd2 28. Qxd2 Nxd2 29. Rxe5 Nf3+ 30. Kg2 Nxe5 31. Rd1 Rd8
32. Be6 Nc4 33. Rd3 Rd6 34. Bxd5 Nxa3 35. Be4 Nxb5 36. Rb3 Rd4 37. Rxb5 Rxe4
38. Rxb7 Ra4 39. Ra7 Ra1 40. Kf3 a4 41. h4 a3 42. Kg4 a2 43. Kg5 Rb1 44. Rxa2
Rb5+ 45. Kg4 h5+ 46. Kh3 Kg7 47. Ra6 Rf5 48. Kg2 Rb5 49. Ra3 Kf6 50. Rf3+ Kg7
51. Rf4 Rb2 52. Kh3 Rb1 53. f3 Rh1+ 54. Kg2 Ra1 55. g4 Ra2+ 56. Kg3 Ra5 57. Re4
hxg4 58. fxg4 Ra3+ 59. Kf4 Ra7 60. Re5 Rf7+ 61. Kg5 Ra7 62. Rb5 Rc7 63. Ra5 Rb7
64. h5 gxh5 65. Kxh5 Kh7 66. g5 Kg7 67. Ra6 Kh7 68. Re6 Kg7 1/2-1/2

[Event "TIPC 2006"]
[Site "Charleroi BEL"]
[Date "2006.07.29"]
[Round "1"]
[White "Herpigny, Yves"]
[Black "Mohandesi, Shahin"]
[Result "0-1"]
[ECO "B22"]
[WhiteElo "1745"]
[BlackElo "2253"]
[PlyCount "46"]
[TimeControl "40/7200:3600"]

1. e4 c5 2. c3 d5 3. exd5 Qxd5 4. d4 Nf6 5. dxc5 Qxc5 6.
Na3 a6 7. Nc4 Nbd7 8. a4 e6 9. Be3 Qc7 10. a5 Be7 11. Nf3 O-O 12. Be2 Nd5 13.
O-O Nxe3 14. Nxe3 Nf6 15. Qb3 Bd7 16. Rfd1 Rad8 17. Nd4 g6 18. Nc4 Bc5 19. Qc2
e5 20. Nf3 Bf5 21. Qb3 Ng4 22. h3 Rxd1+ 23. Rxd1 Nxf2 0-1

[Event "TIPC 2006"]
[Site "Charleroi BEL"]
[Date "2006.07.29"]
[Round "1"]
[White "Van Mechelen, Jan"]
[Black "Guyon, Jean-Paul"]
[Result "1/2-1/2"]
[ECO "B40"]
[WhiteElo "2251"]
[BlackElo "1706"]
[PlyCount "48"]
[TimeControl "40/7200:3600"]

1. d4 c5 2. e4 cxd4 3. Nf3 e6 4. Nxd4 Bb4+ 5. Bd2 Be7 6. Nc3 Qb6
7. Nb3 Nc6 8. Bd3 Bf6 9. Qe2 Nge7 10. O-O-O O-O 11. g4 Ng6 12. g5 Be5 13. Qg4
Qxf2 14. Ne2 Qb6 15. h4 a5 16. h5 a4 17. hxg6 axb3 18. cxb3 Rxa2 19. Bc3 Qxb3
20. Bc2 Ra1+ 21. Kd2 Rxd1+ 22. Kxd1 Qb5 23. Rxh7 fxg6 24. Qh3 Bxc3 1/2-1/2

[Event "TIPC 2006"]
[Site "Charleroi BEL"]
[Date "2006.07.29"]
[Round "1"]
[White "Cottenier, Christophe"]
[Black "Russo, Julien"]
[Result "0-1"]
[ECO "C02"]
[WhiteElo "1613"]
[BlackElo "2145"]
[PlyCount "66"]
[TimeControl "40/7200:3600"]

1. e4 e6 2. d4 d5 3. e5 c5 4. c3 Nc6 5. Nf3 Qb6 6. a3 c4 7. Nbd2
Bd7 8. b3 cxb3 9. Nxb3 f6 10. Bd3 fxe5 11. dxe5 O-O-O 12. O-O h5 13. Re1 Nh6
14. Be3 Qc7 15. Bc5 Ng4 16. Bd4 Be7 17. h3 Nh6 18. Bc5 g5 19. Bxe7 Nxe7 20.
Nxg5 Rdg8 21. h4 Ng4 22. c4 Kb8 23. Qe2 Rf8 24. Nf3 Rhg8 25. Nbd4 Nc6 26. Nxc6+
Bxc6 27. cxd5 Bxd5 28. Be4 Qg7 29. g3 Bxe4 30. Qxe4 Nxf2 31. Kxf2 Qxg3+ 32. Ke2
Qg2+ 33. Ke3 Rg4 0-1

[Event "TIPC 2006"]
[Site "Charleroi BEL"]
[Date "2006.07.29"]
[Round "1"]
[White "Camus, Béranger"]
[Black "Strubbe, Paul"]
[Result "1-0"]
[ECO "D06"]
[WhiteElo "2135"]
[BlackElo "1609"]
[PlyCount "89"]
[TimeControl "40/7200:3600"]

1. d4 Nf6 2. c4 d5 3. cxd5 Nxd5 4. e4 Nf6 5. Nc3 e6 6. Nf3 Be7 7.
Bd3 Nbd7 8. e5 Nd5 9. Nxd5 exd5 10. Qb3 Nb6 11. Be3 c6 12. O-O O-O 13. Rac1 Be6
14. Qc2 g6 15. Nd2 f5 16. f4 Rf7 17. Nb3 Nd7 18. Bd2 a5 19. a4 Qc7 20. Kh1 Qb6
21. h3 Bb4 22. Bxb4 Qxb4 23. Qc3 Qxc3 24. Rxc3 Rff8 25. Rfc1 Rfc8 26. Kg1 Kf7
27. Kf2 h5 28. Kg3 Rc7 29. Kh4 Ke7 30. R1c2 Nb8 31. Kg5 Bf7 32. g4 hxg4 33.
hxg4 fxg4 34. Kxg4 Nd7 35. Rh2 b6 36. Nd2 Nf8 37. Nf3 Ne6 38. Ng5 Nxg5 39. Kxg5
Rg8 40. Rh6 c5 41. Bxg6 c4 42. f5 Rc6 43. e6 Bxe6 44. Re3 Kd7 45. Rh7+ 1-0

[Event "TIPC 2006"]
[Site "Charleroi BEL"]
[Date "2006.07.29"]
[Round "1"]
[White "Scoriels, Michael"]
[Black "Pitropakis, Kyriakos"]
[Result "1/2-1/2"]
[ECO "B00"]
[WhiteElo "2131"]
[BlackElo "1587"]
[PlyCount "106"]
[TimeControl "40/7200:3600"]

1. e4 h6 2. d4 e6 3. Nc3 c6 4. d5 d6 5. Nf3 e5 6. Be2 Nf6 7. O-O
Be7 8. Ne1 g5 9. Be3 cxd5 10. exd5 Bf5 11. Nf3 Nbd7 12. a4 a6 13. a5 Rc8 14.
Ra3 Kf8 15. Nd2 Kg7 16. Nc4 Qg8 17. Rb3 Qh7 18. Rxb7 Bxc2 19. Qd2 Rb8 20. Rxb8
Rxb8 21. Rc1 Bg6 22. Nb6 Bd8 23. Nca4 Nxb6 24. axb6 Be4 25. Rc6 Bxd5 26. Rxd6
Qb1+ 27. Bf1 Bc4 28. Qd1 Qxd1 29. Rxd1 Bb3 30. Ra1 Bxa4 31. Rxa4 Nd5 32. Bc5
Bxb6 33. b4 Bxc5 34. bxc5 Rc8 35. Ra5 e4 36. g3 Rc7 37. Bc4 Ne7 38. Bxa6 Ra7
39. Ra2 Nc6 40. Bc4 Rxa2 41. Bxa2 f5 42. Bd5 Na7 43. g4 Kf6 44. gxf5 Kxf5 45.
Kg2 Ke5 46. Bb7 Nb5 47. Kg3 Kd4 48. Kg4 Kxc5 49. Bxe4 Nd6 50. Bg6 Kd4 51. Kh5
Ke5 52. Kxh6 Kf4 53. Kh5 Nc4 1/2-1/2

[Event "TIPC 2006"]
[Site "Charleroi BEL"]
[Date "2006.07.29"]
[Round "1"]
[White "Magnifico, Cédric"]
[Black "Parys, Pierre"]
[Result "1-0"]
[ECO "A21"]
[WhiteElo "1501"]
[BlackElo "2000"]
[PlyCount "56"]
[TimeControl "40/7200:3600"]

1. c4 e5 2. Nc3 d6 3. g3 g6 4. Bg2 Bg7 5. d3 f5 6. e3 Nf6 7. Nge2
O-O 8. O-O h6 9. a3 Kh7 10. Rb1 Nc6 11. b4 Rb8 12. b5 Ne7 13. Bb2 g5 14. Qc2
Kh8 15. Rbd1 Ng6 16. f4 Ng4 17. Bc1 gxf4 18. exf4 exf4 19. Nxf4 Nxf4 20. Bxf4
Bd4+ 21. Kh1 Qe8 22. Rde1 Qh5 23. Bf3 Bd7 24. Bxg4 fxg4 25. Re7 Rf7 26. Rxf7
Be6 27. Re7 Re8 28. Rxe8+ Qxe8 1-0

[Event "TIPC 2006"]
[Site "Charleroi BEL"]
[Date "2006.07.29"]
[Round "1"]
[White "Bolzoni, Victor-Angel"]
[Black "Wattin, Joffrey"]
[Result "1-0"]
[ECO "B80"]
[WhiteElo "2170"]
[BlackElo "1698"]
[PlyCount "49"]
[TimeControl "40/7200:3600"]

1. e4 c5 2. Nf3 d6 3. d4 cxd4 4. Nxd4 Nf6 5. Nc3 e6 6. Be3
Be7 7. f3 Nc6 8. Qd2 a6 9. g4 h6 10. O-O-O Bd7 11. Rg1 Rc8 12. h4 Nxd4 13. Bxd4
e5 14. Be3 Be6 15. g5 hxg5 16. hxg5 Nd7 17. Nd5 Bxd5 18. Qxd5 Rh2 19. Rd2 Rxd2
20. Qxd2 Nb6 21. g6 fxg6 22. Rxg6 Bf6 23. Bh3 Kf7 24. Rxf6+ gxf6 25. Bxc8 1-0

[Event "TIPC 2006"]
[Site "Charleroi BEL"]
[Date "2006.07.29"]
[Round "1"]
[White "Marchiano, Marco"]
[Black "Van Uytven, Eric"]
[Result "0-1"]
[ECO "B48"]
[WhiteElo "1663"]
[BlackElo "2167"]
[PlyCount "80"]
[TimeControl "40/7200:3600"]

1. e4 c5 2. Nf3 e6 3. d4 cxd4 4. Nxd4 Nc6 5. Nc3 Qc7 6.
Be3 a6 7. a3 b5 8. Nxc6 Qxc6 9. Qd4 Bb7 10. Be2 Rc8 11. Bf3 Qc4 12. Rd1 Qxd4
13. Bxd4 Ne7 14. Ke2 Ng6 15. e5 Nf4+ 16. Ke3 Nxg2+ 17. Bxg2 Bxg2 18. Rhg1 Bb7
19. f4 g6 20. Rd2 Be7 21. Rgd1 O-O 22. Ne4 Bxe4 23. Kxe4 f5+ 24. exf6 d5+ 25.
Ke3 Bxf6 26. c3 Rc4 27. Bxf6 Re4+ 28. Kf3 Rxf6 29. Rd4 Rfxf4+ 30. Kg3 g5 31.
R4d3 Kf7 32. Rd4 Kf6 33. Rxe4 Rxe4 34. Rf1+ Rf4 35. Rxf4+ gxf4+ 36. Kxf4 h5 37.
Kg3 Kg5 38. h4+ Kf5 39. Kf3 e5 40. Kg3 Ke4 0-1

[Event "TIPC 2006"]
[Site "Charleroi BEL"]
[Date "2006.07.29"]
[Round "1"]
[White "Demanghon, Jonathan"]
[Black "Charlier, Benoît"]
[Result "1-0"]
[ECO "E40"]
[WhiteElo "2160"]
[BlackElo "1642"]
[PlyCount "75"]
[TimeControl "40/7200:3600"]

1. d4 Nf6 2. c4 e6 3. Nc3 Bb4 4. e3 d5 5. cxd5 exd5 6.
Qa4+ Nc6 7. Bb5 Bxc3+ 8. bxc3 Bd7 9. Qc2 O-O 10. Bd3 Re8 11. Ne2 Ne7 12. O-O
Ng6 13. Rb1 b6 14. Ng3 c6 15. f3 Rc8 16. Nf5 Qc7 17. e4 Bxf5 18. exf5 Nf8 19.
Bg5 N8d7 20. Qd2 Rcd8 21. Bf4 Qc8 22. Rfe1 Rxe1+ 23. Rxe1 Re8 24. g4 Rxe1+ 25.
Qxe1 h6 26. h4 Qe8 27. Qxe8+ Nxe8 28. Ba6 Nef6 29. Bb7 c5 30. g5 hxg5 31. hxg5
Nh5 32. Bd6 cxd4 33. cxd4 b5 34. Bxd5 Nb6 35. Bb3 Nc4 36. Bxc4 bxc4 37. Kf1 g6
38. f6 1-0

[Event "TIPC 2006"]
[Site "Charleroi BEL"]
[Date "2006.07.29"]
[Round "1"]
[White "Van den Eede, Gerrit"]
[Black "Hanley, James L."]
[Result "0-1"]
[ECO "B22"]
[WhiteElo "1618"]
[BlackElo "2155"]
[PlyCount "70"]
[TimeControl "40/7200:3600"]

1. e4 c5 2. c3 d5 3. exd5 Qxd5 4. d4 Nf6 5. Nf3 e6 6. Be2
Nc6 7. O-O Be7 8. Be3 cxd4 9. cxd4 O-O 10. Nc3 Qd6 11. Qb3 b6 12. Rfd1 Bb7 13.
Rac1 Rac8 14. Qb5 Nb4 15. Qe5 Qxe5 16. dxe5 Nfd5 17. Nxd5 Nxd5 18. Bg5 Bc5 19.
a3 h6 20. b4 Bxb4 21. axb4 hxg5 22. Nxg5 Nxb4 23. Rxc8 Bxc8 24. Ne4 Bb7 25. Nd6
Bd5 26. Rc1 Nc6 27. Bb5 Nxe5 28. Be8 Nc4 29. Bxf7+ Rxf7 30. Nxf7 Kxf7 31. f4 a5
32. Ra1 b5 33. g4 b4 34. Rb1 Be4 35. Rb3 Bc2 0-1

[Event "TIPC 2006"]
[Site "Charleroi BEL"]
[Date "2006.07.29"]
[Round "1"]
[White "Guezennec, Franck"]
[Black "Schleck, Victor"]
[Result "1-0"]
[ECO "B33"]
[WhiteElo "2152"]
[BlackElo "1615"]
[PlyCount "23"]
[TimeControl "40/7200:3600"]

1. e4 c5 2. Nf3 Nc6 3. d4 cxd4 4. Nxd4 Nf6 5. Nc3 e5 6.
Ndb5 d6 7. Bg5 a6 8. Na3 b5 9. Bxf6 Qxf6 10. Nd5 Qd8 11. Bxb5 Qa5+ 12. b4 1-0

[Event "TIPC 2006"]
[Site "Charleroi BEL"]
[Date "2006.07.29"]
[Round "1"]
[White "Geerts, Luc"]
[Black "Krasucki, Youri"]
[Result "0-1"]
[ECO "A50"]
[WhiteElo "1555"]
[BlackElo "2048"]
[PlyCount "26"]
[TimeControl "40/7200:3600"]

1. d4 Nf6 2. c4 Nc6 3. Nc3 e5 4. d5 Ne7 5. e4 Ng6 6.
a3 Bc5 7. Bd3 d6 8. Nge2 Ng4 9. O-O Qh4 10. h3 Nxf2 11. Rxf2 Qxf2+ 12. Kh2 Nh4
13. Qg1 Nf3+ 0-1

[Event "TIPC 2006"]
[Site "Charleroi BEL"]
[Date "2006.07.29"]
[Round "1"]
[White "Heudt, Vincent"]
[Black "Foisor, Mihaela-Veronica"]
[Result "0-1"]
[ECO "B40"]
[WhiteElo "1531"]
[BlackElo "2005"]
[PlyCount "66"]
[TimeControl "40/7200:3600"]

1. e4 c5 2. Nf3 e6 3. d4 cxd4 4. Nxd4 Nf6 5. e5 Qa5+ 6.
c3 Qxe5+ 7. Be2 Nc6 8. f4 Qa5 9. b4 Qd8 10. O-O Be7 11. f5 O-O 12. fxe6 dxe6
13. Nxc6 bxc6 14. Bf3 Bb7 15. Qa4 Qb6+ 16. Kh1 Nd5 17. a3 Bf6 18. Qc2 Ne3 19.
Bxe3 Qxe3 20. Be4 h6 21. Ra2 Rab8 22. c4 c5 23. Bxb7 Rxb7 24. b5 Rd7 25. Nd2
Rfd8 26. Nf3 Qd3 27. Rc1 Qxc2 28. Raxc2 Rd1+ 29. Ng1 Bg5 30. Rxd1 Rxd1 31. Re2
Bf6 32. Re4 Bd4 33. Rxd4 Rxd4 0-1